 Dungeon Crawl Stone Soup version 0.20.1-1-g8b1a95d (webtiles) character file.

88 dohliylev the Covert (level 4, -12/33 HPs)
             Began as a Vampire Assassin on Dec 3, 2017.
             Blown up by Ijyb (22 damage)
             ... with a wand of disintegration (?/24)
             ... on level 3 of the Dungeon.
             The game lasted 00:06:46 (1877 turns).

dohliylev the Covert (Vampire Assassin)             Turns: 1877, Time: 00:06:47

Health: -12/33     AC:  4    Str: 10    XL:     4   Next: 30%
Magic:  4/4        EV: 12    Int: 13    God:
Gold:   153        SH:  0    Dex: 16    Spells: 3/3 levels left

rFire    . . .     SeeInvis +   a - +2 dagger
rCold    . . .     Gourm    .   (no shield)
rNeg     . . .     Faith    .   c - +0 robe
rPois    .         Spirit   .   o - +0 helmet
rElec    .         Reflect  .   d - +0 cloak
rCorr    .         Harm     .   (no gloves)
MR       .....                  (no boots)
Stlth    ++++......             (no amulet)
Regen    0.4/turn               (no ring)
MPRegen  0.1/turn               (no ring)

@: regenerating quickly
A: fangs 3, see invisible, unbreathing
a: no special abilities


You were on level 3 of the Dungeon.
You were very full.

You visited 1 branch of the dungeon, and saw 3 of its levels.

You collected 153 gold pieces.

Inventory:

Hand Weapons
 a - a +2 dagger (weapon)
 b - a +0 blowgun
Missiles
 e - a poisoned needle
 f - 2 curare-tipped needles
Armour
 c - a +0 robe (worn)
 d - a +0 cloak (worn)
 o - a +0 helmet (worn)
Scrolls
 h - 8 scrolls of teleportation {unknown}
 i - 2 scrolls of remove curse {unknown}
 k - 4 scrolls of magic mapping {unknown}
 n - a scroll of enchant weapon {unknown}
 q - a scroll of identify {unknown}
 s - a scroll of amnesia {unknown}
 t - a scroll of fog {unknown}
Potions
 g - 14 potions of blood
 j - 3 potions of lignification {unknown}
 l - 2 potions of invisibility {unknown}
 m - 3 potions of agility {unknown}
 p - a potion of curing
 r - a potion of flight {unknown}


   Skills:
 - Level 1.7 Fighting
 + Level 3.0 Short Blades
 - Level 1.5 Throwing
 + Level 1.4 Dodging
 - Level 8.1 Stealth


You had 3 spell levels left.
You didn't know any spells.

Dungeon Overview and Level Annotations

Branches:
Dungeon (3/15)

Altars:

Annotations:
D:3 Ijyb


Innate Abilities, Weirdness & Mutations

Your natural rate of healing is unusually fast.
You have razor-sharp teeth.
You have supernaturally acute eyesight. (SInv)
You can survive without breathing.


Message History

Wield which item (- for none, * to show all)? (? for menu, Esc to quit)
a - a +2 dagger (weapon)
Ijyb drinks a potion.
Ijyb is healed!
Ijyb looks more healthy.
Ijyb hits you with a dagger.
You closely miss Ijyb.
Ijyb is moderately wounded.
Ijyb zaps a wand.
You are blasted!
Ouch! That really hurt!
* * * LOW HITPOINT WARNING * * *
It is a wand of disintegration (?/24).
You hit Ijyb.
Ijyb is heavily wounded.
Ijyb hits you but does no damage.
A giant cockroach comes into view.
You hit Ijyb but do no damage. You bite Ijyb, but do no damage.
Ijyb is heavily wounded.
Ijyb screams, "You nasty!
Big nasty!"
Ijyb zaps a wand.
You are blasted!
Ouch! That really hurt!
You die...

....# .. ###.#
s. #.# (## #.#
.(# #.# #(#
#.# #(# #.#
#w## #.######
#.g# #
#......+ ##@##
###'######
#..#
.........#
##.# .......
.........#
#.###.........
.........#
#..##.........
###+######
##.##........
# #.#
#..#......# #
#.#
##.#......#
#.# #........#


You could see Ijyb, a worm and a giant cockroach.

Vanquished Creatures
  3 adders (D:2)
  2 dart slugs
  2 worms (D:2)
  3 leopard geckos
  2 giant cockroaches
  5 goblins
  11 hobgoblins
  3 quokkas
  7 bats
  6 frilled lizards
  7 rats
51 creatures vanquished.

Notes
Turn   | Place    | Note
-------+----------+-------------------------------------------
     0 | D:1      | dohliylev the Vampire Assassin began the quest for the Orb.
     0 | D:1      | Reached XP level 1. HP: 16/16 MP: 1/1
    20 | D:1      | Reached skill level 6 in Stealth
   156 | D:1      | Reached XP level 2. HP: 22/22 MP: 2/2
   310 | D:1      | Reached skill level 7 in Stealth
   561 | D:2      | Reached XP level 3. HP: 17/27 MP: 3/3
   921 | D:2      | Reached skill level 8 in Stealth
  1210 | D:2      | Reached XP level 4. HP: 30/33 MP: 4/4
  1864 | D:3      | Noticed Ijyb
  1877 | D:3      | Blown up by Ijyb

Skill      XL: |  1  2  3  4 |
---------------+-------------+-----
Stealth        | 6 7 8 |  8.1
Short Blades   | 3 |  3.0
Fighting       | |  1.7
Throwing       | |  1.5
Dodging        | |  1.4

Action                   |  1- 3 |  4- 6 || total
-------------------------+-------+-------++-------
Melee: Dagger            |   101 |    23 ||   124
       Bite              |     4 |     2 ||     6
 Fire: Blowgun           |    12 |     7 ||    19
 Stab: Sleeping          |    14 |     4 ||    18
  Eat: Corpse            |    11 |     3 ||    14
Armor: Robe              |    12 |     3 ||    15
Dodge: Dodged            |    42 |     7 ||    49
